Map: Cerulean Fall LE

Players

Ventoron

  • Race: Terran Terran
  • League: Platinum
  • Spawn Location: 1:00

xXPOTATOXx - Winner!

  • Race: Terran Terran
  • League: Platinum
  • Spawn Location: 7:00

VOD

Have the link to the VOD?

Description

Time

  • Played on: Jan. 1, 2019, 12:16 a.m.
  • Length: 2:36
Show
View Real Time Build Order
Export as new Build Order

Ventoron Terran 

Build Orders: Reaper Expand 

Get SALT Encoding   

  12  0:02  SCV  
  13  0:14  SCV  
  14  0:17  Supply Depot  
  14  0:26  SCV  
  15  0:39  SCV, Barracks  
  16  0:46  Refinery  
  16  0:51  SCV  
  17  1:03  SCV  
  18  1:15  SCV  
  19  1:27  Orbital Command  
  19  1:29  Reaper  
  20  1:45  Command Center  
  20  1:54  SCV  
  20  1:59  Refinery  
  21  2:08  Supply Depot  
  21  2:13  SCV  
  21  2:15  Barracks Reactor  
  22  2:25  Factory  
Show
View Real Time Build Order
Export as new Build Order

xXPOTATOXx Terran - Winner!

Build Orders:  

Get SALT Encoding   

  12  0:01  SCV  
  13  0:13  SCV  
  14  0:23  Supply Depot  
  14  0:25  SCV  
  15  0:45  SCV  
  16  0:58  Barracks  
  16  1:02  Barracks  
  16  1:16  Barracks  
  16  1:33  Supply Depot  
  16  1:44  Marine  
  17  1:49  Barracks  
  17  1:52  Marine  
  18  2:02  Marine  
  18  2:03  Marine  
  20  2:15  Marine  
Tags
 
Add a new tag
Caveats
  • Supply blocks, unpowered buildings, or Contaminate may cause inaccurate times.
  • Supply counts are checked every 10 seconds.